[Event "Titled Tuesday Blitz November 14 Early 2023"]
[White "Sokolovsky, Yahli"]
[Black "Lund, Gunnar"]
[WhiteFideId "2820242"]
[BlackFideId "1520814"]
[WhiteElo "2762"]
[BlackElo "2556"]
[Result "1/2-1/2"]
[Round "4"]
[TimeControl "180+1"]
[Date "2023.11.14"]
[WhiteClock "0:00:21"]
[BlackClock "0:00:49"]
[Board "70"]

1. b3 e5 2. Bb2 Nc6 3. e3 d5 4. Nf3 Bd6 5. c4 Nf6 6. cxd5 Nxd5 7. Bc4 Be6 8. O-O Qd7 9. Nc3 Nxc3 10. Bxc3 Bxc4 11. bxc4 O-O 12. d4 exd4 13. exd4 Rad8 14. d5 Ne7 15. Qd4 f6 16. c5 Be5 17. Nxe5 fxe5 18. Qxe5 Nxd5 19. Rad1 Qf7 20. Bb2 Rfe8 21. Qg5 h6 22. Qg4 c6 23. h3 Re6 24. Rd4 Rde8 25. Qg3 Re2 26. Ba1 Re1 27. Rd1 Rxf1+ 28. Rxf1 Re6 29. Kh2 Rg6 30. Qf3 Qxf3 31. gxf3 Nf4 32. Be5 Nd3 33. Bd4 Re6 34. Rb1 Re7 35. h4 Nf4 36. Be3 Nd5 37. Bd4 Kf7 38. Kg3 g6 39. f4 b5 40. cxb6 axb6 41. a4 c5 42. Be5 Ra7 43. Rd1 Ke6 44. Re1 Rxa4 45. Bg7+ Kf7 46. Bxh6 Ra3+ 47. Kg2 c4 48. Rd1 Rd3 49. Rxd3 cxd3 50. Kf3 b5 51. h5 gxh5 52. f5 b4 53. Ke4 b3 54. Kxd3 Kf6 55. Kc4 Kxf5 56. Kxb3 Nf6 57. Kc4 Ng4 58. Bd2 Nxf2 59. Kd4 Kg4 60. Ke3 Nh3 61. Bc3 Nf4 62. Be5 Ng6 63. Bd6 h4 64. Kf2 Nh8 65. Kg2 Nf7 66. Bc7 Ng5 67. Kh1 Kh3 68. Bb8 Ne4 69. Bc7 Ng3+ 70. Kg1 Kg4 71. Bb8 Ne2+ 72. Kh2 Nd4 73. Bc7 Nf5 74. Bb8 Ne3 75. Bc7 Nd5 76. Bb8 Kh5 77. Bd6 Kg4 78. Bb8 Nf6 79. Bd6 Ne4 80. Bb8 Kg5 81. Bc7 Kh5 82. Bb8 Kg4 83. Bc7 h3 84. Bb8 Ng5 85. Bc7 Nf3+ 86. Kh1 Kf5 87. Bb8 Ke6 88. Bc7 Kd7 89. Bf4 Kc6 90. Bg3 Kd5 91. Bf4 Ke4 92. Bc7 Kd3 93. Bb8 Ke2 94. Bc7 Kd3 95. Bd6 Kc4 96. Bc7 Kb5 97. Bb8 Kc6 98. Bf4 Kd5 99. Bg3 Ke4 100. Bb8 Kf5 101. Bc7 Kg4 102. Bd6 Nd2 103. Bc7 Ne4 104. Bb8 Nf2+ 105. Kg1 Kf3 106. Bc7 Ng4 107. Bb8 Ke4 108. Bc7 1/2-1/2


[Site "https://www.chess.com"]

[Event "Titled Tuesday Blitz November 14 Early 2023"]
[White "Aggelis, Nikolaos"]
[Black "Bryakin, Mikhail"]
[WhiteFideId "4213220"]
[BlackFideId "4165314"]
[WhiteElo "2551"]
[BlackElo "2760"]
[Result "1-0"]
[Round "4"]
[TimeControl "180+1"]
[Date "2023.11.14"]
[WhiteClock "0:00:23"]
[BlackClock "0:00:00"]
[Board "71"]

1. d4 Nf6 2. g3 c5 3. d5 d6 4. Bg2 g6 5. Nf3 Bg7 6. Nc3 O-O 7. Nd2 a6 8. a4 b6 9. O-O Nbd7 10. e4 Bb7 11. Nc4 Ne8 12. Bf4 Nc7 13. Re1 Ne5 14. Bxe5 Bxe5 15. Nxb6 Bxc3 16. bxc3 Rb8 17. a5 e5 18. dxe6 fxe6 19. Qd2 Qe7 20. Rad1 Rbd8 21. Nc4 Nb5 22. Qe3 Bc6 23. Rd2 Rfe8 24. Nb6 Qc7 25. Qg5 Nxc3 26. h4 Qe7 27. Qe3 Nb5 28. Red1 e5 29. c3 Kg7 30. Bf1 Qe6 31. Bc4 Qf6 32. Bd5 Bxd5 33. Rxd5 Nc7 34. R5d2 Qe6 35. Qe2 Nb5 36. Qd3 Qb3 37. Nd5 Rf8 38. Qe3 Rd7 39. h5 Rdf7 40. Kg2 Qa3 41. hxg6 hxg6 42. Rh1 Kg8 43. Qh6 Rg7 44. Rd3 Qb2 45. Qh8+ Kf7 46. Rf3+ Ke6 47. Qxf8 1-0


[Site "https://www.chess.com"]

[Event "Titled Tuesday Blitz November 14 Early 2023"]
[White "Saydaliev, Saidakbar"]
[Black "Santos Flores, Alberto"]
[WhiteFideId "14203693"]
[BlackFideId "3601234"]
[WhiteElo "2755"]
[BlackElo "2550"]
[Result "1-0"]
[Round "4"]
[TimeControl "180+1"]
[Date "2023.11.14"]
[WhiteClock "0:00:18"]
[BlackClock "0:00:00"]
[Board "72"]

1. e4 e6 2. d4 d5 3. Nd2 c5 4. exd5 Qxd5 5. Ngf3 cxd4 6. Bc4 Qd6 7. O-O Nf6 8. Nb3 Nc6 9. Nbxd4 Nxd4 10. Nxd4 a6 11. Re1 Qc7 12. Bf1 Bd7 13. Bg5 Bd6 14. Nf5 Bxh2+ 15. Kh1 O-O-O 16. Nxg7 Be5 17. Qe2 Bxb2 18. Rab1 Bc3 19. Qxa6 Bxe1 20. Bxf6 Bc6 21. Qa8+ Qb8 22. Qxb8+ Kxb8 23. Rxe1 Rd2 24. Be5+ Kc8 25. Nf5 Rhd8 26. Ne7+ Kd7 27. Nxc6 Kxc6 28. Bd3 Rxf2 29. Kg1 Rxd3 30. cxd3 Rxa2 31. d4 b5 32. Rc1+ Kb6 33. Rc8 Ra7 34. Kf2 b4 35. Ke3 Kb5 36. Kd3 Ra3+ 37. Kc2 Ra2+ 38. Kb3 Rxg2 39. Rb8+ Kc6 40. Rxb4 Kd5 41. Rb7 Rf2 42. Kc3 h5 43. Rd7+ Ke4 44. Rd8 f6 45. Bb8 Rf1 46. Rh8 Rc1+ 47. Kd2 Rh1 48. Ba7 f5 49. Ke2 Rh2+ 50. Kf1 f4 51. Rh6 Kf5 52. Kg1 Ra2 53. Bb8 Kg4 54. Rg6+ Kf3 55. Rf6 Ra1+ 56. Kh2 Ra2+ 57. Kh3 Ke3 58. Rxf4 Ra8 59. Be5 Rg8 60. Rf6 Ke4 61. Kh4 Re8 62. Kxh5 Kd5 63. Kg6 Re7 64. Rf7 Re8 65. Kf6 Rd8 66. Ke7 Ra8 67. Rf8 Ra7+ 68. Kf6 Ra6 69. Rd8+ Ke4 70. Re8 Kd5 71. Re7 Rb6 72. Rd7+ Ke4 73. Ke7 Ra6 74. Rd6 Ra7+ 75. Kxe6 1-0


[Site "https://www.chess.com"]

[Event "Titled Tuesday Blitz November 14 Early 2023"]
[White "Alinasab, Mobina"]
[Black "Korchmar, Vasiliy"]
[WhiteFideId "12528897"]
[BlackFideId "24131750"]
[WhiteElo "2548"]
[BlackElo "2755"]
[Result "1/2-1/2"]
[Round "4"]
[TimeControl "180+1"]
[Date "2023.11.14"]
[WhiteClock "0:00:05"]
[BlackClock "0:00:03"]
[Board "73"]

1. e4 c5 2. Nf3 d6 3. d4 cxd4 4. Nxd4 Nf6 5. Nc3 Nc6 6. f3 e5 7. Nb3 Be7 8. Be3 O-O 9. Qd2 Be6 10. Nd5 a5 11. a4 Bxd5 12. exd5 Nb4 13. c4 e4 14. Be2 exf3 15. Bxf3 Nd7 16. O-O Ne5 17. Be2 h6 18. Nd4 Re8 19. Nf3 Nxf3+ 20. Bxf3 Bf6 21. Rac1 Bxb2 22. Bh5 Bxc1 23. Bxf7+ Kh8 24. Qxc1 Qh4 25. g3 Qh3 26. Bxe8 Rxe8 27. Qd2 Kg8 28. Qf2 Qd7 29. Bd4 Nd3 30. Qd2 Ne5 31. Bxe5 Rxe5 32. Qxa5 Re2 33. Qa8+ Kh7 34. Qf8 Rc2 35. Rf7 Qg4 36. Rf1 Qd4+ 37. Kh1 Qd3 38. Qf5+ Qxf5 39. Rxf5 Rxc4 40. Rf7 Rxa4 41. Rd7 Ra5 42. Rxd6 Rb5 43. Rd8 Rb2 44. d6 Kg6 45. Rb8 Rd2 46. Rxb7 Rxd6 47. Rb2 Rd3 48. Kg2 Kf5 49. Rf2+ Kg4 50. Re2 g5 51. Re4+ Kf5 52. Re2 g4 53. Rf2+ Ke4 54. Ra2 Ke3 55. Rb2 h5 56. Rb5 Rd2+ 57. Kg1 h4 58. gxh4 Kf3 59. Rf5+ Ke4 60. Rg5 Kf4 61. Rg8 Rd1+ 62. Kg2 Rd2+ 63. Kg1 Rd5 64. Rf8+ Ke3 65. Rg8 Kf3 66. Rf8+ Ke4 67. Rg8 Kf4 68. Kg2 Rd2+ 69. Kg1 1/2-1/2


[Site "https://www.chess.com"]

[Event "Titled Tuesday Blitz November 14 Early 2023"]
[White "Taboas Rodriguez, Daniel"]
[Black "Hayrapetyan, Hovik"]
[WhiteFideId "2208466"]
[BlackFideId "13302639"]
[WhiteElo "2546"]
[BlackElo "2744"]
[Result "1-0"]
[Round "4"]
[TimeControl "180+1"]
[Date "2023.11.14"]
[WhiteClock "0:01:35"]
[BlackClock "0:00:05"]
[Board "74"]

1. d4 Nf6 2. Nf3 d5 3. c4 e6 4. Nc3 Bb4 5. e3 O-O 6. a3 Bxc3+ 7. bxc3 c5 8. Bd3 dxc4 9. Bxc4 Qc7 10. Be2 b6 11. O-O Bb7 12. a4 Nc6 13. Ba3 Rfd8 14. Rc1 Rac8 15. Qb3 Na5 16. Qb2 Bxf3 17. Bxf3 Nc4 18. Qa2 Nxa3 19. Qxa3 e5 20. a5 b5 21. a6 e4 22. Be2 c4 23. Rb1 Rb8 24. Rb2 Rb6 25. Rfb1 Nd5 26. Rxb5 Rdb8 27. Rxb6 Rxb6 28. Rxb6 Nxb6 29. Qc5 Qxc5 30. dxc5 Na4 31. c6 Nb6 32. c7 Kf8 33. Bg4 1-0


[Site "https://www.chess.com"]

[Event "Titled Tuesday Blitz November 14 Early 2023"]
[White "Hambleton, Aman"]
[Black "Ben Artzi, Ido"]
[WhiteFideId "2606577"]
[BlackFideId "2810913"]
[WhiteElo "2743"]
[BlackElo "2545"]
[Result "1-0"]
[Round "4"]
[TimeControl "180+1"]
[Date "2023.11.14"]
[WhiteClock "0:00:03"]
[BlackClock "0:00:00"]
[Board "75"]

1. d4 Nf6 2. Bf4 d6 3. e3 g6 4. h3 Bg7 5. Nf3 O-O 6. Bh2 c5 7. c3 b6 8. Bd3 Bb7 9. O-O Nbd7 10. Nbd2 cxd4 11. exd4 e5 12. dxe5 dxe5 13. Bxe5 Nxe5 14. Nxe5 Nh5 15. Ndf3 Nf4 16. Bc4 Qc7 17. Qd7 Bxe5 18. Nxe5 Rac8 19. Bxf7+ Rxf7 20. Qxf7+ Qxf7 21. Nxf7 Kxf7 22. f3 Rd8 23. Rfd1 Nd3 24. Rd2 Ba6 25. Rad1 Ke7 26. b3 Rd7 27. Re2+ Kf6 28. c4 Nc5 29. Rxd7 Nxd7 30. Re8 Bb7 31. Rh8 h5 32. Kf2 Ne5 33. Rb8 Bc6 34. Ke3 Nd7 35. Rc8 Bb7 36. Rc7 Nc5 37. b4 1-0


[Site "https://www.chess.com"]

[Event "Titled Tuesday Blitz November 14 Early 2023"]
[White "ChainedDowntohell"]
[Black "Komov, Roman"]
[BlackFideId "24175714"]
[WhiteElo "2543"]
[BlackElo "2743"]
[Result "1-0"]
[Round "4"]
[TimeControl "180+1"]
[Date "2023.11.14"]
[WhiteClock "0:00:03"]
[BlackClock "0:00:00"]
[Board "76"]

1. d4 Nf6 2. c4 e6 3. Nf3 d5 4. Nc3 Bb4 5. cxd5 exd5 6. Bf4 Nbd7 7. e3 O-O 8. Bd3 Re8 9. O-O c5 10. dxc5 Nxc5 11. h3 Bxc3 12. bxc3 Be6 13. Nd4 Rc8 14. Rc1 Nfe4 15. Bb1 Qf6 16. Nb5 a6 17. Nc7 Red8 18. Qd4 b5 19. Rfd1 Na4 20. Be5 Qxf2+ 21. Kh2 Ng5 22. Kh1 Bxh3 23. gxh3 Qf3+ 24. Kg1 Nxh3+ 25. Kh2 Ng5 26. Rf1 Qh3+ 27. Kg1 Nf3+ 28. Rxf3 Qxf3 29. Rf1 Qg4+ 30. Kh1 Qxd4 31. exd4 f6 32. Bg3 Nxc3 33. Bf5 Ne4 34. Bh2 Rb8 35. Nxd5 Rxd5 36. Be6+ Kf8 37. Bxd5 Re8 38. Re1 Nf2+ 39. Kg2 Rxe1 40. Bd6+ 1-0


[Site "https://www.chess.com"]

[Event "Titled Tuesday Blitz November 14 Early 2023"]
[White "Arifarsky"]
[Black "Grunberg, Mihai-Lucian"]
[BlackFideId "1204149"]
[WhiteElo "2741"]
[BlackElo "2542"]
[Result "0-1"]
[Round "4"]
[TimeControl "180+1"]
[Date "2023.11.14"]
[WhiteClock "0:02:15"]
[BlackClock "0:02:11"]
[Board "77"]

1. e4 g6 2. d4 Bg7 3. Nc3 d6 4. Be3 a6 5. a4 Nc6 6. Bc4 Nf6 7. f3 O-O 8. Qd2 Nb4 9. a5 d5 10. exd5 Nfxd5 11. Nxd5 Nxd5 12. Bh6 Be6 13. Ne2 Bxh6 14. Qxh6 Nb4 15. Bxe6 Nxc2+ 16. Kd2 Nxd4 17. Bc4 Nf5+ 0-1


[Site "https://www.chess.com"]

[Event "Titled Tuesday Blitz November 14 Early 2023"]
[White "Reprintsev, Alexander"]
[Black "Atakhan, Abtin"]
[WhiteFideId "14100541"]
[BlackFideId "22502203"]
[WhiteElo "2539"]
[BlackElo "2740"]
[Result "1/2-1/2"]
[Round "4"]
[TimeControl "180+1"]
[Date "2023.11.14"]
[WhiteClock "0:01:39"]
[BlackClock "0:00:15"]
[Board "78"]

1. e4 c5 2. b3 g6 3. Bb2 Nf6 4. e5 Nd5 5. Nc3 Nxc3 6. dxc3 Bg7 7. Qd5 Nc6 8. Qxc5 Nxe5 9. O-O-O O-O 10. h4 d6 11. Qe3 Ng4 12. Qe2 Qa5 13. f3 Qxa2 14. fxg4 Bxg4 15. Qxg4 Bh6+ 16. Rd2 Bxd2+ 17. Kxd2 Qxb2 18. Bd3 Rac8 19. Ne2 h5 20. Qe4 e5 21. g4 Qa3 22. gxh5 Qc5 23. hxg6 f5 24. Qc4+ d5 25. Qxc5 Rxc5 26. Ng3 e4 27. Be2 f4 28. Nh5 f3 29. Bf1 Rf5 30. Ng3 Re5 31. c4 e3+ 32. Kd3 dxc4+ 33. bxc4 b5 34. cxb5 Rcd5+ 35. Kc4 Rc5+ 36. Kd4 Rcd5+ 37. Kc4 Rc5+ 38. Kd4 Rcd5+ 39. Kc4 1/2-1/2


[Site "https://www.chess.com"]

[Event "Titled Tuesday Blitz November 14 Early 2023"]
[White "djokovic74"]
[Black "Kochiev, Ivan"]
[BlackFideId "2917890"]
[WhiteElo "2729"]
[BlackElo "2539"]
[Result "1/2-1/2"]
[Round "4"]
[TimeControl "180+1"]
[Date "2023.11.14"]
[WhiteClock "0:00:03"]
[BlackClock "0:00:06"]
[Board "79"]

1. e4 c5 2. Nf3 d6 3. d4 cxd4 4. Nxd4 Nf6 5. Nc3 Nc6 6. Be2 g6 7. Be3 Bg7 8. Qd2 O-O 9. O-O-O Ng4 10. Bxg4 Bxg4 11. f3 Be6 12. Nxc6 bxc6 13. Bd4 Qa5 14. Bxg7 Kxg7 15. h4 Rab8 16. h5 Qb4 17. b3 g5 18. h6+ Kh8 19. Kb2 f6 20. Ne2 Qc5 21. Qd4 Qe5 22. Rhe1 a5 23. Nc3 Rb4 24. Qxe5 fxe5 25. Ne2 g4 26. f4 Rxe4 27. fxe5 Rxe5 28. Nd4 Bd5 29. g3 Rf6 30. Rxe5 dxe5 31. Nxc6 Rxc6 32. Rxd5 Rxh6 33. Rxa5 Rh3 34. Rxe5 Rxg3 35. a4 Rf3 36. a5 Rf6 37. b4 Kg7 38. Rg5+ Rg6 39. Rxg6+ hxg6 40. a6 g3 41. a7 g2 42. a8=Q g1=Q 43. Qe4 Qa7 44. b5 Qc5 45. Qc6 Qb4+ 46. Kc1 Qe1+ 47. Kb2 Qb4+ 48. Ka1 Qa3+ 49. Kb1 Qb4+ 50. Ka2 Qa4+ 51. Kb2 Qb4+ 1/2-1/2


[Site "https://www.chess.com"]

[Event "Titled Tuesday Blitz November 14 Early 2023"]
[White "Baches Garcia, Guillermo"]
[Black "Krivonosov, Oleg"]
[WhiteFideId "2209764"]
[BlackFideId "11600349"]
[WhiteElo "2531"]
[BlackElo "2725"]
[Result "1-0"]
[Round "4"]
[TimeControl "180+1"]
[Date "2023.11.14"]
[WhiteClock "0:00:13"]
[BlackClock "0:01:33"]
[Board "80"]

1. d4 d5 2. Nf3 e6 3. Bg5 Be7 4. Bxe7 Qxe7 5. Nbd2 Nf6 6. e3 O-O 7. Bd3 b6 8. Qe2 Bb7 9. O-O c5 10. c3 Nbd7 11. Ne5 Nxe5 12. dxe5 Ne4 13. Bxe4 dxe4 14. Qg4 Rad8 15. Nxe4 Bxe4 16. Qxe4 Rd2 17. b3 Rfd8 18. g3 Qd7 19. c4 g6 20. h4 h5 21. Kg2 Qd3 22. Qxd3 R8xd3 23. Kf3 Rc3 24. Rac1 Rxc1 25. Rxc1 Rxa2 26. Rd1 Kg7 27. e4 Ra3 28. Rd3 a5 29. Ke3 Kf8 30. f4 Ke7 31. Kd2 a4 32. bxa4 Rxa4 33. Rb3 Rxc4 34. Rxb6 Rxe4 35. Rb7+ Kf8 36. Kd3 Re1 37. Rb8+ Kg7 38. Rb3 Rg1 39. Kc4 Rc1+ 40. Rc3 Rxc3+ 41. Kxc3 f6 42. Kc4 fxe5 43. fxe5 g5 44. Kxc5 gxh4 45. gxh4 Kg6 46. Kc6 Kf5 47. Kd6 Kg4 48. Kxe6 Kxh4 49. Kd7 Kg3 50. e6 h4 51. e7 h3 52. e8=Q Kg2 53. Qg6+ Kf2 54. Qf5+ Kg3 55. Qg5+ Kf3 56. Qh4 Kg2 57. Qg4+ 1-0


[Site "https://www.chess.com"]

[Event "Titled Tuesday Blitz November 14 Early 2023"]
[White "Kanyamarala, Trisha"]
[Black "Petkov, Momchil"]
[WhiteFideId "45004722"]
[BlackFideId "2921642"]
[WhiteElo "2519"]
[BlackElo "2724"]
[Result "0-1"]
[Round "4"]
[TimeControl "180+1"]
[Date "2023.11.14"]
[WhiteClock "0:00:03"]
[BlackClock "0:00:23"]
[Board "81"]

1. c4 e5 2. Nc3 Bb4 3. Nd5 a5 4. g3 Nf6 5. Bg2 O-O 6. Nf3 d6 7. O-O c6 8. Nxf6+ Qxf6 9. d3 h6 10. Rb1 Bc5 11. b3 Nd7 12. a3 Qe7 13. b4 axb4 14. axb4 Ba7 15. Ra1 d5 16. Be3 d4 17. Bd2 Nf6 18. Qc2 Bf5 19. Ra5 Bb6 20. Rxe5 Qd7 21. b5 Ng4 22. bxc6 bxc6 23. h3 Nxe5 24. Nxe5 Qe7 25. Nxc6 Qxe2 26. Re1 Qxd3 27. Ne7+ Kh8 28. Qb2 Rab8 29. Nc6 Rbe8 30. Qxb6 Qxd2 31. Rxe8 Rxe8 32. Qc5 Qe1+ 33. Kh2 Qxf2 34. Nxd4 Be4 35. Nf3 Qxc5 0-1


[Site "https://www.chess.com"]

[Event "Titled Tuesday Blitz November 14 Early 2023"]
[White "topce"]
[Black "Finek, Vaclav"]
[BlackFideId "23718293"]
[WhiteElo "2517"]
[BlackElo "2722"]
[Result "1-0"]
[Round "4"]
[TimeControl "180+1"]
[Date "2023.11.14"]
[WhiteClock "0:00:29"]
[BlackClock "0:00:00"]
[Board "82"]

1. Nf3 Nf6 2. c4 g6 3. g3 Bg7 4. Bg2 O-O 5. O-O c6 6. d4 d5 7. cxd5 cxd5 8. Nc3 Ne4 9. Nxe4 dxe4 10. Ng5 Bxd4 11. Nxe4 Nc6 12. Bh6 Re8 13. e3 Bxb2 14. Rb1 Bg7 15. Bxg7 Kxg7 16. Nc5 Qc7 17. Qc2 Kg8 18. Rfc1 Rb8 19. Na6 bxa6 20. Rxb8 Qxb8 21. Qxc6 Be6 22. a3 Rc8 23. h4 Rxc6 24. Rxc6 Qb1+ 25. Kh2 Qb2 26. Kg1 Qxa3 27. h5 gxh5 28. Rc7 a5 29. Rxa7 Qc5 30. Ra8+ Kg7 31. e4 Qb4 32. e5 Qc5 33. Bf3 Qxe5 34. Ra7 1-0


[Site "https://www.chess.com"]

[Event "Titled Tuesday Blitz November 14 Early 2023"]
[White "Halkias, Stelios"]
[Black "Shohat, Yotam"]
[WhiteFideId "4201809"]
[BlackFideId "2813955"]
[WhiteElo "2719"]
[BlackElo "2516"]
[Result "1-0"]
[Round "4"]
[TimeControl "180+1"]
[Date "2023.11.14"]
[WhiteClock "0:00:56"]
[BlackClock "0:00:00"]
[Board "83"]

1. Nf3 Nf6 2. c4 e6 3. g3 d5 4. d4 Bb4+ 5. Bd2 Be7 6. Bg2 O-O 7. Qc2 Nbd7 8. h4 c6 9. Nc3 dxc4 10. Rd1 b5 11. Ne5 Nxe5 12. dxe5 Nd5 13. Ne4 h6 14. Bg5 Qa5+ 15. Kf1 Qxa2 16. Bf3 Qb3 17. Qc1 hxg5 18. hxg5 Rd8 19. Kg2 Bb7 20. Nf6+ gxf6 21. gxf6 Bxf6 22. exf6 1-0


[Site "https://www.chess.com"]

[Event "Titled Tuesday Blitz November 14 Early 2023"]
[White "Srdanovic, Jovana"]
[Black "DopplerCharlotteDeWitte"]
[WhiteFideId "954810"]
[WhiteElo "2516"]
[BlackElo "2716"]
[Result "1/2-1/2"]
[Round "4"]
[TimeControl "180+1"]
[Date "2023.11.14"]
[WhiteClock "0:00:11"]
[BlackClock "0:00:05"]
[Board "84"]

1. d4 Nf6 2. c4 g6 3. Nc3 d5 4. Nf3 Bg7 5. h4 c6 6. Bg5 Ne4 7. e3 Bg4 8. Be2 Qb6 9. Qb3 Nd7 10. c5 Qxb3 11. axb3 Bxf3 12. Bxf3 Nxg5 13. hxg5 e5 14. Ne2 Nf8 15. Bg4 Ne6 16. Bxe6 fxe6 17. f4 exd4 18. exd4 Kd7 19. Kd2 h6 20. gxh6 Bxh6 21. Rh3 Bg7 22. Rah1 Rxh3 23. Rxh3 Ke7 24. Ke3 b6 25. cxb6 axb6 26. Rh7 Kf8 27. Rh1 Ra2 28. Rb1 c5 29. g4 Ke7 30. Kd3 Kd6 31. Nc3 Ra5 32. Ne2 Rb5 33. Kc2 Rb4 34. dxc5+ bxc5 35. Rh1 Re4 36. Kd3 Bxb2 37. Rh6 Ke7 38. Rxg6 Kf7 39. Rh6 Bg7 40. Rh7 Rb4 41. Kc2 c4 42. bxc4 dxc4 43. Nc3 Rb3 44. Ne4 Kg6 45. Rh5 Re3 46. Rg5+ Kh6 47. Nd6 Re2+ 48. Kd1 Rf2 49. Nf7+ Kh7 50. Rh5+ Kg6 51. Ne5+ Bxe5 52. Rxe5 Kf6 53. Re4 c3 54. Rc4 c2+ 55. Rxc2 Rf3 56. Rc4 Rg3 57. g5+ Kf5 58. Ke2 Ra3 59. Kf2 Rb3 60. Ke2 Ra3 61. Kf2 Rb3 62. Ke2 Ra3 1/2-1/2


[Site "https://www.chess.com"]

[Event "Titled Tuesday Blitz November 14 Early 2023"]
[White "Toktomushev, Teimur"]
[Black "Djokic, Mihailo"]
[WhiteFideId "14176726"]
[BlackFideId "976440"]
[WhiteElo "2514"]
[BlackElo "2716"]
[Result "1-0"]
[Round "4"]
[TimeControl "180+1"]
[Date "2023.11.14"]
[WhiteClock "0:00:04"]
[BlackClock "0:00:52"]
[Board "85"]

1. d4 Nf6 2. c4 g6 3. Nc3 d6 4. e4 Bg7 5. f3 O-O 6. Be3 Nc6 7. Nge2 a6 8. Qd2 Rb8 9. h4 h5 10. O-O-O b5 11. Bh6 Bxh6 12. Qxh6 bxc4 13. g4 e5 14. d5 Nd4 15. Nxd4 exd4 16. Rxd4 Qe7 17. gxh5 Nxh5 18. Bxc4 Qe5 19. Rd2 Rb4 20. Bb3 Qf4 21. Qxf4 Nxf4 22. Ne2 Nh5 23. Kb1 a5 24. Rc1 a4 25. Bd1 Rb7 26. Bxa4 f5 27. Bc6 Ra7 28. Nd4 fxe4 29. fxe4 Rf4 30. Ne6 Rxe4 31. Be8 Bxe6 32. Bxg6 Rg4 33. Bxh5 Bf5+ 34. Ka1 Rxh4 35. Bf3 Rf4 36. Bg2 Kf7 37. a3 Ke7 38. Bf1 Be4 39. Re1 Kd8 40. Bb5 Rb7 41. Bc6 Rb3 42. Rde2 Ke7 43. Rxe4+ Rxe4 44. Rxe4+ Kf6 45. a4 Rb6 46. a5 Ra6 47. Ra4 Ke5 48. b4 Rxc6 49. dxc6 1-0


[Site "https://www.chess.com"]

[Event "Titled Tuesday Blitz November 14 Early 2023"]
[White "Chinguun, Sumiya"]
[Black "Dudzinski, Pawel"]
[WhiteFideId "4902572"]
[BlackFideId "1117890"]
[WhiteElo "2709"]
[BlackElo "2497"]
[Result "1-0"]
[Round "4"]
[TimeControl "180+1"]
[Date "2023.11.14"]
[WhiteClock "0:02:02"]
[BlackClock "0:00:35"]
[Board "86"]

1. e4 c6 2. c4 d5 3. cxd5 cxd5 4. exd5 Qxd5 5. Nc3 Qd8 6. Nf3 Nf6 7. Bc4 e6 8. O-O Be7 9. d4 O-O 10. Bg5 Nbd7 11. a3 Nb6 12. Bb3 Nfd5 13. Bxe7 Qxe7 14. Bc2 Nxc3 15. bxc3 Bd7 16. Ne5 Rac8 17. Qd3 g6 18. Rfe1 Rfd8 19. c4 Ba4 20. c5 Rxc5 21. Bxa4 Nxa4 22. Qb3 Rxd4 23. Nf3 Rc3 24. Qb5 a6 25. Qe5 Rd5 26. Qxd5 Nb6 27. Qd4 Rxf3 28. Qxb6 Rf5 29. Rad1 Qxa3 30. Rd8+ Kg7 31. Qd4+ e5 32. Rxe5 Rxe5 33. Qxe5+ Kh6 34. Qe3+ Qxe3 35. fxe3 1-0


[Site "https://www.chess.com"]

[Event "Titled Tuesday Blitz November 14 Early 2023"]
[White "Morgunov, Marc"]
[Black "Borsuk, Konstantin"]
[WhiteFideId "1640305"]
[BlackFideId "14113406"]
[WhiteElo "2494"]
[BlackElo "2701"]
[Result "0-1"]
[Round "4"]
[TimeControl "180+1"]
[Date "2023.11.14"]
[WhiteClock "0:00:00"]
[BlackClock "0:00:06"]
[Board "87"]

1. e4 e6 2. d4 d5 3. Nd2 Nf6 4. e5 Nfd7 5. Bd3 c5 6. c3 Nc6 7. Ne2 b6 8. O-O cxd4 9. cxd4 Nb4 10. Bb1 Ba6 11. Nf3 Be7 12. a3 Nc6 13. Re1 Rc8 14. Nc3 Na5 15. Qc2 Bc4 16. Nd2 g6 17. b4 Nb7 18. Nxc4 Rxc4 19. Qd3 a6 20. Ba2 Rc7 21. Qxa6 Rxc3 22. Qxb7 O-O 23. Be3 Rxa3 24. Rec1 Bxb4 25. Bh6 Re8 26. Rc7 Qh4 27. Rc8 Rxc8 28. Qxc8+ Nf8 29. Qc1 Qxd4 30. h3 Bc3 31. Qxa3 Bb4 32. Qc1 Qxe5 33. Rb1 Bc5 34. Be3 d4 35. Bd2 Nd7 36. Qc4 Qf5 37. Re1 Kg7 38. Bb1 Qh5 39. Qd3 e5 40. Ba2 Nf6 41. Qc4 g5 42. Bxg5 Qxg5 43. Qxf7+ Kh6 44. g3 d3 45. Kg2 d2 46. Rd1 Ne4 47. Qe6+ Kg7 48. Qd7+ Kg6 49. Qc6+ Nf6 50. h4 Qg4 51. Rxd2 h5 52. Bb1+ e4 53. Rb2 Qf3+ 54. Kh2 Bxf2 55. Bxe4+ Qxe4 56. Qxe4+ Nxe4 57. Re2 Kf5 58. Kg2 Bc5 59. Kf3 Nf6 60. Rb2 Bd4 61. Rb5+ Ke6 62. Rg5 Kd6 63. Rg6 b5 64. Ke2 b4 65. Kd3 Kd5 66. Rg5+ Be5 67. g4 hxg4 68. h5 b3 69. h6 b2 70. Kc2 g3 71. Rg7 Ke4 72. h7 Nxh7 73. Rxh7 Kf3 74. Rh5 g2 75. Rg5 Bg3 76. Kxb2 g1=Q 77. Rc5 Qxc5 0-1


[Site "https://www.chess.com"]

[Event "Titled Tuesday Blitz November 14 Early 2023"]
[White "Shishkov, Andrei"]
[Black "Danielyan, Vahe"]
[WhiteFideId "4500563"]
[BlackFideId "13304828"]
[WhiteElo "2490"]
[BlackElo "2699"]
[Result "0-1"]
[Round "4"]
[TimeControl "180+1"]
[Date "2023.11.14"]
[WhiteClock "0:00:10"]
[BlackClock "0:00:55"]
[Board "88"]

1. d4 Nf6 2. c4 g6 3. f3 Bg7 4. e4 d6 5. Be3 O-O 6. Nc3 e5 7. d5 Nh5 8. Qd2 Qh4+ 9. g3 Nxg3 10. Qf2 Nxf1 11. Qxh4 Nxe3 12. Qf2 Nxc4 13. h4 Na6 14. h5 Bd7 15. b3 Nb6 16. Nh3 Nc5 17. O-O-O a5 18. Kb2 a4 19. Ng5 h6 20. Nh3 g5 21. Qe2 f5 22. Nf2 fxe4 23. Nfxe4 Rf4 24. Nxc5 dxc5 25. Ne4 Raf8 26. Rhf1 Be8 27. Nxc5 e4+ 28. Ka3 exf3 29. Qe6+ Bf7 30. Qe7 Nxd5 31. Rxd5 Bxd5 32. Qxc7 axb3 33. axb3 Ra8+ 34. Na4 b5 35. Qd7 Raxa4+ 36. bxa4 Rxa4# 0-1


[Site "https://www.chess.com"]

[Event "Titled Tuesday Blitz November 14 Early 2023"]
[White "Rozman, Levy"]
[Black "Pinero Rodriguez, Carlos Jose"]
[WhiteFideId "2039877"]
[BlackFideId "3901726"]
[WhiteElo "2698"]
[BlackElo "2487"]
[Result "1-0"]
[Round "4"]
[TimeControl "180+1"]
[Date "2023.11.14"]
[WhiteClock "0:01:02"]
[BlackClock "0:00:58"]
[Board "89"]

1. e4 c5 2. a3 e6 3. b4 b6 4. b5 Bb7 5. Nc3 d5 6. exd5 exd5 7. d4 Nf6 8. Nf3 Be7 9. Bd3 O-O 10. O-O Nbd7 11. Re1 Re8 12. Bf4 g6 13. h3 c4 14. Bf1 a6 15. Ne5 axb5 16. Nxb5 Nxe5 17. Bxe5 Rc8 18. Qf3 Ne4 19. Qf4 Qd7 20. Nc7 f6 21. Nxe8 fxe5 22. Qxe5 Rxe8 23. Rxe4 1-0


[Site "https://www.chess.com"]

[Event "Titled Tuesday Blitz November 14 Early 2023"]
[White "Ilkhomi, Jaloliddin"]
[Black "Yurasova, Daria"]
[WhiteFideId "14700948"]
[BlackFideId "34146919"]
[WhiteElo "2696"]
[BlackElo "2487"]
[Result "1-0"]
[Round "4"]
[TimeControl "180+1"]
[Date "2023.11.14"]
[WhiteClock "0:01:17"]
[BlackClock "0:00:07"]
[Board "90"]

1. Nf3 d5 2. d4 Nf6 3. Bf4 Bf5 4. e3 e6 5. Bd3 Bg6 6. Nbd2 Bd6 7. Bg3 O-O 8. Bxg6 hxg6 9. c3 c5 10. Qe2 Nc6 11. O-O cxd4 12. exd4 Bxg3 13. hxg3 a6 14. Ne5 Qc7 15. g4 Nd7 16. Ndf3 Ndxe5 17. dxe5 Rfd8 18. Rad1 b5 19. g3 b4 20. Kg2 bxc3 21. bxc3 Na5 22. Qe3 Rac8 23. Rh1 Qxc3 24. Qg5 Qc2 25. Rc1 Qe4 26. Rxc8 Rxc8 27. Qh4 1-0


[Site "https://www.chess.com"]

[Event "Titled Tuesday Blitz November 14 Early 2023"]
[White "Domingo Nunez, Alejandro"]
[Black "Martinez Ramirez, Lennis"]
[WhiteFideId "22245561"]
[BlackFideId "3509079"]
[WhiteElo "2480"]
[BlackElo "2695"]
[Result "0-1"]
[Round "4"]
[TimeControl "180+1"]
[Date "2023.11.14"]
[WhiteClock "0:00:00"]
[BlackClock "0:00:07"]
[Board "91"]

1. Nf3 d5 2. g3 c5 3. Bg2 Nc6 4. d4 Nf6 5. O-O g6 6. c4 Bg7 7. cxd5 Nxd5 8. e4 Nb6 9. d5 Nd4 10. Nxd4 cxd4 11. Nd2 e6 12. Nb3 exd5 13. exd5 O-O 14. Nxd4 Nxd5 15. Nb5 Be6 16. Nd4 Bc8 17. Nb5 Nb4 18. Qb3 Nc6 19. Bf4 Be6 20. Qa4 Nd4 21. Nxd4 Qxd4 22. Qxd4 Bxd4 23. Bxb7 Rad8 24. Rad1 Bxa2 25. Bg5 f6 26. Bh6 Rfe8 27. Bc6 Re2 28. Be3 Bb6 29. Rxd8+ Bxd8 30. Ra1 Be6 31. Rxa7 Rxb2 32. Kg2 Bb6 0-1


[Site "https://www.chess.com"]